 Dungeon Crawl Stone Soup version 0.23-a0-448-g1c01f63 (webtiles) character file.

5947 jerryfan the Fighter (level 10, -4/82 HPs)
             Began as a Gnoll Wanderer on Nov 12, 2018.
             Was a Priest of Nemelex Xobeh.
             Slain by a yak (12 damage)
             ... on level 9 of the Dungeon on Nov 19, 2018.
             The game lasted 00:42:12 (10023 turns).

jerryfan the Fighter (Gnoll Wanderer)              Turns: 10023, Time: 00:42:13

Health: -4/82      AC:  9    Str: 17 (20) XL:     10   Next: 84%
Magic:  0/27       EV: 13    Int: 12 (15) God:    Nemelex Xobeh [***...]
Gold:   822        SH: 13    Dex: 11 (13) Spells: 20/20 levels left

rFire    + . .     SeeInvis .   y - +3 dagger "Jyloh" {holy, rPois rC+ MR- Stlth+}
rCold    + . .     Gourm    .   p - +3 shield
rNeg     . . .     Faith    .   h - +2 robe {Archmagi}
rPois    +         Spirit   +   E - +1 helmet of Zaweteym {rElec MP+9 Str-3}
rElec    +         Reflect  .   (no cloak)
rCorr    .         Harm     .   w - +0 pair of gloves
MR       .....                  s - +0 pair of boots
Stlth    ++++......             c - amulet "Anekucob" {Spirit rF+ Str+4}
HPRegen  0.23/turn              (no ring)
MPRegen  0.20/turn              (no ring)

@: no status effects
A: distributed training, fangs 1, strong nose
a: Triple Draw, Renounce Religion


You were on level 9 of the Dungeon.
You worshipped Nemelex Xobeh.
Nemelex Xobeh was most pleased with you.
You were hungry.

You visited 2 branches of the dungeon, and saw 10 of its levels.

You collected 822 gold pieces.

Inventory:

Hand Weapons
 a - a +2 short sword
 b - a +0 falchion
 q - a +0 blowgun
 y - the +3 dagger "Jyloh" (weapon) {holy, rPois rC+ MR- Stlth+}
   (You found it on level 4 of the Dungeon)

   It has been blessed by the Shining One to cause great damage to the undead
   and demons.
   It protects you from cold.
   It protects you from poison.
   It affects your resistance to hostile enchantments.
   It makes you more stealthy.
 I - a +3 spear of flaming
Missiles
 u - 43 poisoned needles
 C - 2 throwing nets (quivered)
 F - 3 tomahawks
Armour
 h - a +2 robe of the Archmagi (worn)
 p - a +3 shield (worn)
 r - a +0 ring mail
 s - a +0 pair of boots (worn)
 w - a +0 pair of gloves (worn)
 E - the +1 helmet of Zaweteym (worn) {rElec MP+9 Str-3}
   (You found it on level 2 of the Dungeon)

   It affects your strength (-3).
   It insulates you from electricity.
   It affects your magic capacity (+9).
Jewellery
 c - the amulet "Anekucob" (around neck) {Spirit rF+ Str+4}
   (You acquired it on level 7 of the Dungeon)

   [amulet of guardian spirit]

   It causes incoming damage to be split between your health and magic.
   It affects your strength (+4).
   It protects you from fire.
 G - an uncursed ring of stealth {unknown}
Wands
 v - a wand of scattershot (4)
 A - a wand of random effects (8)
Scrolls
 g - 7 scrolls of identify
 i - 6 scrolls of remove curse
 j - 5 scrolls of teleportation
 m - 4 scrolls of immolation
 z - 2 scrolls of noise
 B - a scroll of fog
Potions
 e - 2 potions of ambrosia
 k - 2 potions of curing
 n - a potion of invisibility
 o - a potion of might
 t - 2 potions of brilliance
 x - a potion of lignification
Miscellaneous
 l - a plain deck of summoning {drawn: 5}
 D - a plain deck of escape {drawn: 1}
Comestibles
 f - 19 rations


   Skills:
 + Level 8.7 Fighting
 + Level 6.2 Short Blades
 + Level 5.5 Long Blades
 + Level 5.5 Axes
 + Level 5.5 Maces & Flails
 + Level 5.5 Polearms
 + Level 5.5 Staves
 + Level 5.5 Slings
 + Level 6.2 Bows
 + Level 5.5 Crossbows
 + Level 5.5 Throwing
 + Level 6.2 Armour
 + Level 7.3 Dodging
 + Level 6.1 Stealth
 + Level 6.2 Shields
 + Level 5.5 Unarmed Combat
 + Level 5.5 Spellcasting
 + Level 4.5 Conjurations
 + Level 4.5 Hexes
 + Level 4.5 Charms
 + Level 4.5 Summonings
 + Level 4.5 Necromancy
 + Level 4.5 Translocations
 + Level 4.5 Transmutations
 + Level 4.5 Fire Magic
 + Level 4.5 Ice Magic
 + Level 4.5 Air Magic
 + Level 4.5 Earth Magic
 + Level 4.5 Poison Magic
 + Level 6.1 Invocations
 + Level 5.5 Evocations


You had 20 spell levels left.
You didn't know any spells.
Your spell library was empty.

Dungeon Overview and Level Annotations

Branches:
Dungeon (9/15)             Temple (1/1) D:5
   Lair: D:8-11         Orc: D:9-12

Altars:
Ashenzari
Cheibriados
Dithmenos
Elyvilon
Fedhas
Gozag
Hepliaklqana
Kikubaaqudgha
Makhleb
Nemelex Xobeh
Okawaru
Qazlal
Sif Muna
Trog
Uskayaw
Wu Jian
Xom
Yredelemnul
Zin
The Shining One

Shops:
D:4 }}![   D:6 (

Annotations:
D:8 exclusion: door


Innate Abilities, Weirdness & Mutations

Your experience applies equally to all skills.
You have very sharp teeth.
Your uncanny sense of smell can sniff out nearby items.


Message History

The yak gores you.
* * * LOW HITPOINT WARNING * * *
The yak gores your insubstantial wisp!
Your insubstantial wisp hits the yak!
The yak dies!
Okay, then.
Okay, then.
It was a potion of degeneration.
There was something very wrong with that liquid.
You feel weakened.
You feel dopey.
You feel clumsy.
You block the yak's attack. x2; The yak gores you!
* * * LOW HITPOINT WARNING * * *
Your insubstantial wisp blinks!
Evoke which item? (* to show all) (? for menu, Esc to quit)
You draw a card...
It is Exile.
The yak is devoured by a tear in reality.
You block the yak's attack. The yak gores you!
* * * LOW HITPOINT WARNING * * *
You feel better. The yak closely misses you. The yak gores you!
You die...
Your body glows with a rainbow of weird colours and disappears.

#......=....# #.....†. ##
##.<.........# #....... .#
#........†...# #....### .#
#............# ##...#.. .#
#............# #####.. .#
#.........vv.# #.. .#
#............# #.. .#
#........YY..# #####..
.#######......(.@§§.# ##...###
#............######## #.......
#....Y.......#......# #.......
#............#......# ###'####
.............#.....## #...###.
.####'##.....#......######.......
.#Y...)#.....#......#....##......
.'....)'.....#...........#.......
.#######.....####..##....#.......


You could see 2 yaks and 2 friendly insubstantial wisps.

Vanquished Creatures
  A two-headed ogre (D:8)
  An unseen horror (D:8)
  A hippogriff (D:8)
  A yak (D:8)
  Menkaure (D:4)
  An acid dragon (D:8)
  A water moccasin (D:8)
  Duvessa (D:7)
  A black bear (D:6)
  2 orc warriors (D:6)
  2 ice beasts
  A sky beast (D:5)
  An ogre (D:8)
  A centaur (D:6)
  A centaur (shapeshifter) (D:8)
  A crocodile (D:8)
  3 big kobolds
  5 bullfrogs
  A wyvern zombie (D:6)
  Dowan (D:7)
  A scorpion (D:5)
  6 killer bees (D:9)
  4 wights (D:7)
  4 crimson imps
  5 howler monkeys
  4 hounds
  6 orc wizards
  3 orc priests (D:6)
  A bullfrog skeleton (D:7)
  3 centaur skeletons
  2 iguanas
  Jessica (D:3)
  5 worker ants
  2 hound skeletons
  9 adders
  3 gnolls (D:4)
  A shadow imp (D:5)
  An adder zombie (D:9)
  An adder skeleton (D:8)
  4 worms
  3 dart slugs
  7 leopard geckos
  12 orcs
  7 bats
  2 giant cockroaches
  7 goblins
  10 hobgoblins
  10 jackals
  7 quokkas
  A ball python (D:8)
  5 frilled lizards
  A jackal skeleton (D:8)
  A jackal zombie (D:8)
  20 kobolds
  7 rats
  A butterfly (D:4)
195 creatures vanquished.

Vanquished Creatures (collateral kills)
  A yak (D:9)
  An orc warrior (D:7)
  A centaur (D:7)
  2 gnoll sergeants (D:9)
  5 wights (D:7)
  2 jellies
  An orc wizard (D:7)
  2 worker ants (D:9)
  A killer bee zombie (D:7)
  An adder (D:7)
  An orc (D:7)
18 creatures vanquished.

Vanquished Creatures (others)
  A yak (D:9)
  A wight (D:7)
  A plant (D:4)
3 creatures vanquished.

Grand Total: 216 creatures vanquished

Notes
Turn   | Place    | Note
-------+----------+-------------------------------------------
     0 | D:1      | jerryfan the Gnoll Wanderer began the quest for the Orb.
     0 | D:1      | jerryfan set off with the following items: a +2 short
                  | sword, a +0 falchion, a +0 buckler, a +0 robe, a ration
     0 | D:1      | Reached XP level 1. HP: 23/23 MP: 1/1
    91 | D:1      | Reached XP level 2. HP: 25/29 MP: 2/2
   388 | D:1      | Reached XP level 3. HP: 34/35 MP: 3/3
   722 | D:2      | Reached skill level 1 in Invocations
  1442 | D:3      | Noticed Jessica
  1445 | D:3      | Reached skill level 1 in Long Blades
  1445 | D:3      | Reached skill level 1 in Axes
  1445 | D:3      | Reached skill level 1 in Maces & Flails
  1445 | D:3      | Reached skill level 1 in Polearms
  1445 | D:3      | Reached skill level 1 in Staves
  1445 | D:3      | Reached skill level 1 in Slings
  1445 | D:3      | Reached skill level 1 in Crossbows
  1445 | D:3      | Reached skill level 1 in Throwing
  1445 | D:3      | Reached skill level 1 in Unarmed Combat
  1445 | D:3      | Reached skill level 1 in Spellcasting
  1445 | D:3      | Reached skill level 1 in Evocations
  1450 | D:3      | Killed Jessica
  1450 | D:3      | Reached XP level 4. HP: 29/41 MP: 5/5
  1755 | D:3      | Reached skill level 1 in Conjurations
  1755 | D:3      | Reached skill level 1 in Hexes
  1755 | D:3      | Reached skill level 1 in Charms
  1755 | D:3      | Reached skill level 1 in Summonings
  1755 | D:3      | Reached skill level 1 in Necromancy
  1755 | D:3      | Reached skill level 1 in Translocations
  1755 | D:3      | Reached skill level 1 in Transmutations
  1755 | D:3      | Reached skill level 1 in Fire Magic
  1755 | D:3      | Reached skill level 1 in Ice Magic
  1755 | D:3      | Reached skill level 1 in Air Magic
  1755 | D:3      | Reached skill level 1 in Earth Magic
  1755 | D:3      | Reached skill level 1 in Poison Magic
  2084 | D:3      | Reached XP level 5. HP: 40/47 MP: 6/6
  2182 | D:3      | Found a stormy altar of Qazlal.
  2261 | D:3      | Found a shadowy altar of Dithmenos.
  2530 | D:4      | Found Uhes's Gadget Shop.
  2718 | D:4      | Found a shimmering altar of Xom.
  2725 | D:4      | Got a translucent dagger
  2726 | D:4      | Identified the +3 dagger "Jyloh" {holy, rPois rC+ MR-
                  | Stlth+} (You found it on level 4 of the Dungeon)
  2769 | D:4      | Noticed a big kobold
  2797 | D:4      | Killed a big kobold
  2857 | D:4      | Found Zekhlodo's Distillery.
  2889 | D:4      | Noticed Menkaure
  2904 | D:4      | Killed Menkaure
  2904 | D:4      | Reached skill level 5 in Dodging
  2904 | D:4      | Reached XP level 6. HP: 24/53 MP: 7/9
  3218 | D:4      | Found Yfozon's Gadget Shop.
  3359 | D:4      | Found Kepneism's Antique Armour Shoppe.
  3622 | D:5      | Entered Level 5 of the Dungeon
  3773 | D:2      | Reached XP level 7. HP: 59/59 MP: 10/10
  3820 | D:2      | Got a transparent helmet
  3821 | D:2      | Identified the +1 helmet of Zaweteym {rElec MP+9 Str-3}
                  | (You found it on level 2 of the Dungeon)
  4276 | D:5      | Found an ornate altar of the Wu Jian Council.
  4353 | D:5      | Reached skill level 7 in Fighting
  4591 | D:5      | Found a staircase to the Ecumenical Temple.
  4617 | Temple   | Entered the Ecumenical Temple
  4689 | Temple   | Became a worshipper of Nemelex Xobeh the Trickster
  4824 | D:5      | Received a gift from Nemelex Xobeh
  5098 | D:5      | Found a snail-covered altar of Cheibriados.
  5175 | D:6      | Reached XP level 8. HP: 67/67 MP: 12/12
  5831 | D:6      | Reached * piety under Nemelex Xobeh
  6006 | D:6      | Received a gift from Nemelex Xobeh
  6141 | D:6      | Found Zemmip's Weapon Shop.
  6650 | D:7      | Reached XP level 9. HP: 35/72 MP: 14/14
  6652 | D:7      | Noticed Duvessa
  6664 | D:7      | Noticed Dowan
  6679 | D:7      | Killed Duvessa
  7147 | D:7      | Killed Dowan
  7219 | D:7      | Found a basalt altar of Yredelemnul.
  7284 | D:7      | Found a burning altar of Makhleb.
  7286 | D:7      | Found an opulent altar of Gozag.
  7391 | D:7      | Identified a scroll of acquirement
  7392 | D:7      | Got a vibrating sapphire amulet
  7393 | D:7      | Identified the amulet "Anekucob" {Spirit rF+ Str+4} (You
                  | acquired it on level 7 of the Dungeon)
  7430 | D:7      | Reached ** piety under Nemelex Xobeh
  7748 | D:8      | Reached skill level 5 in Short Blades
  7748 | D:8      | Reached skill level 5 in Bows
  7748 | D:8      | Reached skill level 5 in Armour
  7748 | D:8      | Reached skill level 5 in Shields
  7764 | D:8      | Noticed a two-headed ogre
  7784 | D:8      | Killed a two-headed ogre
  7784 | D:8      | Reached skill level 8 in Fighting
  7784 | D:8      | Reached skill level 5 in Stealth
  7784 | D:8      | Reached skill level 5 in Invocations
  7861 | D:8      | Reached XP level 10. HP: 65/80 MP: 17/17
  7926 | D:8      | Killed an unseen horror
  7926 | D:8      | Reached skill level 5 in Long Blades
  7926 | D:8      | Reached skill level 5 in Axes
  7926 | D:8      | Reached skill level 5 in Maces & Flails
  7926 | D:8      | Reached skill level 5 in Polearms
  7926 | D:8      | Reached skill level 5 in Staves
  7926 | D:8      | Reached skill level 5 in Slings
  7926 | D:8      | Reached skill level 5 in Crossbows
  7926 | D:8      | Reached skill level 5 in Throwing
  7926 | D:8      | Reached skill level 5 in Unarmed Combat
  7926 | D:8      | Reached skill level 5 in Spellcasting
  7926 | D:8      | Reached skill level 5 in Evocations
  8333 | D:8      | Received a gift from Nemelex Xobeh
  8335 | D:8      | Upgraded the game from 0.23-a0-419-g0174fd8 to
                  | 0.23-a0-436-g57debff
  8681 | D:8      | Upgraded the game from 0.23-a0-436-g57debff to
                  | 0.23-a0-448-g1c01f63
  9309 | D:9      | Noticed a deep elf mage
  9518 | D:9      | Reached *** piety under Nemelex Xobeh
 10022 | D:9      | HP: 2/82 [yak (7)]
 10023 | D:9      | Slain by a yak

Vault maps used:
D:1:      dpeg_arrival_long_road, roderic_roman_lattice
D:2:      lemuel_flame_loot_1
D:3:      nicolae_dithmenos_through_a_glass_darkly, grunt_qazlal_sundering,
          uniq_jessica
D:4:      xom_butterflies, first_ration, serial_shops, kennysheep_mini,
          shop_fountains, shop, shop, skrybe_limestone_x,
          lexackson_kobold_supper, uniq_menkaure
D:5:      slow_altar_2, minmay_temple_entry_mist, basic_altar
D:6:      serial_shops, shop_fountains
D:7:      nicolae_overflow_hidden_temple,
          chequers_temple_overflow_statue_of_worship, yredelemnul_altar_generic,
          uniq_duvessa
D:8:      hangedman_cross_veins, grunt_livestock, columned_hall_lemuel
D:9:      old_standard_altar, nooodl_food_tri
Temple:   regret_index_temple_waves

Skill      XL: |  1  2  3  4  5  6  7  8  9 10 |
---------------+-------------------------------+-----
Invocations    | 1 2 3 4 5 6 |  6.1
Long Blades    | 1 2 3 4 5 |  5.5
Axes           | 1 2 3 4 5 |  5.5
Maces & Flails | 1 2 3 4 5 |  5.5
Polearms       | 1 2 3 4 5 |  5.5
Staves         | 1 2 3 4 5 |  5.5
Slings         | 1 2 3 4 5 |  5.5
Crossbows      | 1 2 3 4 5 |  5.5
Throwing       | 1 2 3 4 5 |  5.5
Unarmed Combat | 1 2 3 4 5 |  5.5
Spellcasting   | 1 2 3 4 5 |  5.5
Evocations     | 1 2 3 4 5 |  5.5
Conjurations   | 1 2 3 4 |  4.5
Hexes          | 1 2 3 4 |  4.5
Charms         | 1 2 3 4 |  4.5
Summonings     | 1 2 3 4 |  4.5
Necromancy     | 1 2 3 4 |  4.5
Translocations | 1 2 3 4 |  4.5
Transmutations | 1 2 3 4 |  4.5
Fire Magic     | 1 2 3 4 |  4.5
Ice Magic      | 1 2 3 4 |  4.5
Air Magic      | 1 2 3 4 |  4.5
Earth Magic    | 1 2 3 4 |  4.5
Poison Magic   | 1 2 3 4 |  4.5
Short Blades   | 3 4 5 6 |  6.2
Bows           | 3 4 5 6 |  6.2
Armour         | 3 4 5 6 |  6.2
Shields        | 3 4 5 6 |  6.2
Dodging        | 5 6 7 |  7.3
Stealth        | 3 4 5 6 |  6.1
Fighting       | 7 8 |  8.7

Action                   |  1- 3 |  4- 6 |  7- 9 | 10-12 || total
-------------------------+-------+-------+-------+-------++-------
Melee: Short sword       |   105 |    71 |       |       ||   176
       Bite              |     8 |    23 |    48 |    21 ||   100
       Dagger            |       |   122 |   378 |   272 ||   772
Throw: Throwing net      |       |       |     1 |       ||     1
Evoke: Wand              |       |     3 |     9 |       ||    12
       Deck              |       |       |     5 |     5 ||    10
  Use: Potion            |     4 |     1 |       |     7 ||    12
       Scroll            |     1 |     4 |    12 |       ||    17
 Stab: Sleeping          |     2 |     8 |     5 |    17 ||    32
       Distracted        |     1 |       |     1 |       ||     2
       Paralysed         |       |       |     5 |       ||     5
       Confused          |       |       |     1 |       ||     1
       Invisible         |       |       |       |     2 ||     2
  Eat: Chunk             |     1 |     8 |     7 |     6 ||    22
       Ration            |       |       |     2 |       ||     2
Armor: Robe              |    14 |       |       |     4 ||    18
       Ring mail         |       |    56 |    68 |    44 ||   168
       Skin              |       |       |       |    37 ||    37
Dodge: Dodged            |    70 |    78 |    83 |   101 ||   332
Block: Buckler           |    16 |       |       |       ||    16
       Shield            |     7 |    94 |   178 |   170 ||   449

Table legend:
 A = Non-vault XP
 B = Vault XP
 C = Vault XP percentage of total XP
 D = Non-vault monster count
 E = Vault monster count
 F = Vault count percentage of total count
                 A         B        C        D         E       F
            +---------+---------+-------+---------+---------+-------
      Total |    5162 |    3334 |  39.2 |     179 |      35 |  16.4
            +---------+---------+-------+---------+---------+-------
        D:1 |      43 |       0 |   0.0 |      23 |       0 |   0.0
        D:2 |      42 |       0 |   0.0 |      18 |       0 |   0.0
        D:3 |      68 |      37 |  35.2 |      21 |       1 |   4.5
        D:4 |     166 |     267 |  61.7 |      21 |       9 |  30.0
        D:5 |     448 |       5 |   1.1 |      11 |       1 |   8.3
        D:6 |     988 |       0 |   0.0 |      17 |       0 |   0.0
        D:7 |    1009 |     228 |  18.4 |      25 |       2 |   7.4
        D:8 |    1129 |    2580 |  69.6 |      22 |      15 |  40.5
        D:9 |    1269 |     217 |  14.6 |      21 |       7 |  25.0
            +---------+---------+-------+---------+---------+-------
